 Dungeon Crawl Stone Soup version 0.29.0-4-gdea44cf6ec (webtiles) character file.

Game seed: 2838270142375112646

417 qw the Chopper (level 6, 0/57 HPs)
             Began as a Gargoyle Berserker on Sept 5, 2022.
             Was a Priest of Trog.
             Killed from afar by an oklob plant (17 damage)
             ... with a splash of acid
             ... on level 4 of the Dungeon.
             The game lasted 00:01:36 (4051 turns).

qw the Chopper (Gargoyle Berserker)                 Turns: 4051, Time: 00:01:36

Health: 0/57       AC:  7    Str: 22    XL:     6   Next: 93%
Magic:  0/6        EV:  6    Int:  8    God:    Trog [***...]
Gold:   177        SH:  4    Dex:  9    Spells: 5/5 levels left

rFire   . . .      SeeInvis .   Y - +0 hand axe
rCold   . . .      Faith    .   i - +0 buckler
rNeg    + + .      Spirit   +   e - +0 plate armour
rPois   inf        Reflect  .   (no helmet)
rElec   +          Harm     .   (no cloak)
rCorr   .          Rampage  .   (no gloves)
Will    .....                   (no boots)
Stlth   ..........              d - amulet of guardian spirit
HPRegen 0.19/turn               n - ring of positive energy
MPRegen 0.10/turn               (no ring)

@: berserking (expiring), corroded, very quick
A: sickness immunity, AC +4, negative energy resistance 1, electricity
resistance, torment resistance 1, petrification resistance
a: Renounce Religion, Berserk, Trog's Hand


You were on level 4 of the Dungeon.
You worshipped Trog.
Trog was most pleased with you.
You visited 1 branch of the dungeon, and saw 4 of its levels.

You collected 177 gold pieces.


Innate Abilities, Weirdness & Mutations

You are immune to sickness and miasma.
Your stone body is resilient. (AC +4)
You are immune to poison.
You resist negative energy. (rN+)
You are resistant to electric shocks. (rElec)
You are resistant to unholy torment.
You are immune to petrification.


   Skills:
 - Level 4.0 Fighting
 + Level 5.6 Axes
 - Level 1.2 Throwing
 - Level 3.1 Armour
 - Level 1.5 Dodging
 - Level 2.4 Shields


You had 5 spell levels left.
You didn't know any spells.
Your spell library was empty.

Inventory:

Hand Weapons
 r - a +1 vorpal flail
 Y - a +0 hand axe (weapon)
Armour
 e - a +0 plate armour (worn)
 i - a +0 buckler (worn)
Jewellery
 d - an amulet of guardian spirit (around neck)
 m - a ring of see invisible
 n - a ring of positive energy (left hand)
 o - a +6 ring of dexterity
Scrolls
 b - a scroll of vulnerability {unknown}
 g - a scroll of brand weapon {unknown}
 k - a scroll of teleportation
Potions
 a - a potion of flight {unknown}
 c - a potion of ambrosia {unknown}
 f - a potion of curing
 h - a potion of invisibility {unknown}
 j - a potion of might {unknown}
 l - a potion of berserk rage {unknown}
 q - a potion of degeneration {unknown}

Dungeon Overview and Level Annotations

Branches:
Dungeon (4/15)
 Temple: D:4-7

Altars:
Cheibriados
Dithmenos
Fedhas
Sif Muna
Trog
Yredelemnul
Zin


Message History

You hit the oklob plant.
The oklob plant is moderately damaged.
You slash the plant! x2
You hit the oklob plant but do no damage.
The oklob plant is moderately damaged.
You hit the plant. You slash the plant! You slash the oklob plant!
The oklob plant is heavily damaged.
You slash the plant! You hit the plant.
A nearby plant withers and dies.
The oklob plant spits acid at you. The splash of acid hits you!
You hit the oklob plant.
The oklob plant is heavily damaged.
You slash the plant! You hit the oklob plant.
The oklob plant is severely damaged.
You slash the plant!
A nearby plant withers and dies.
You slash the oklob plant!
The oklob plant is severely damaged.
You hit the oklob plant.
The oklob plant is severely damaged.
The oklob plant spits acid at you. You block the splash of acid.
You hit the oklob plant but do no damage.
The oklob plant is severely damaged.
You hit the oklob plant.
The oklob plant is almost destroyed.
The oklob plant spits acid at you. The splash of acid hits you!
The acid corrodes you!
You hit the oklob plant but do no damage.
The oklob plant is almost destroyed.
You hit the oklob plant but do no damage.
The oklob plant is almost destroyed.
You hit the oklob plant but do no damage.
The oklob plant is almost destroyed.
The oklob plant spits acid at you. The splash of acid hits you!!
You die... ########### PP.P7PP7P.P#

..##PP...PP##
...7.P..@.#P#
.P....P.....#
.....##..PP.#
~.~~...#....#
~.~~~..P.7..#
~~.~~~~..7PPP#
~~~~.~~~~~..PPP#
#.~~~~...~~~~..PPP#
..~~~~._.~~~~.PP#.#


You could see an oklob plant.

Vanquished Creatures
  Blork the orc (D:4)
  A scorpion (D:4)
  2 hounds (D:4)
  An orc priest (D:4)
  An orc wizard (D:4)
  5 adders
  A worm (D:3)
  5 dart slugs
  11 orcs
  6 bats
  9 endoplasms
  6 giant cockroaches
  10 goblins
  5 hobgoblins
  8 jackals (D:1)
  8 kobolds
  5 quokkas
  9 ball pythons
  3 frilled lizards
  5 rats
102 creatures vanquished.

Vanquished Creatures (others)
  9 fungi (D:4)
  29 plants (D:4)
  18 toadstools (D:4)
56 creatures vanquished.

Grand Total: 158 creatures vanquished

Notes
Turn   | Place    | Note
-------+----------+-------------------------------------------
     0 | D:1      | qw the Gargoyle Berserker began the quest for the Orb.
     0 | D:1      | Reached XP level 1. HP: 14/14 MP: 1/1
     0 | D:1      | 0 ||| qw: Version: 0.1-a-104-g96f76f8
     0 | D:1      | 0 ||| qw: Game counter: 5896
     0 | D:1      | 0 ||| qw: Always use a shield: true
     0 | D:1      | 0 ||| qw: Do Orc after D:15 true
     0 | D:1      | 0 ||| qw: Do second Lair branch before Depths: true
     0 | D:1      | 0 ||| qw: Lair rune preference: random
     0 | D:1      | 0 ||| qw: Plans: Normal
     0 | D:1      | 0 ||| PLANNING D:1-11
    45 | D:1      | Reached skill level 3 in Axes
    48 | D:1      | 48 ||| INVOKING Berserk.
    50 | D:1      | Reached XP level 2. HP: 14/19 MP: 2/2
    92 | D:1      | 92 ||| INVOKING Berserk.
   429 | D:1      | 429 ||| Stepping ~*~*~tactically~*~*~ (stealth).
   443 | D:1      | 443 ||| Stepping ~*~*~tactically~*~*~ (stealth).
   481 | D:1      | Reached XP level 3. HP: 19/23 MP: 3/3
   795 | D:1      | Reached ** piety under Trog
   807 | D:1      | Reached skill level 4 in Axes
   926 | D:1      | Found a faded altar of an unknown god.
  1233 | D:1      | 1233 ||| UPGRADING to +0 ring mail.
  1243 | D:1      | 1243 ||| DROPPING +0 animal skin.
  1244 | D:1      | 1244 ||| UPGRADING to amulet of guardian spirit.
  1249 | D:1      | 1249 ||| READING scroll labelled FEOH RILAYDAPYF.
  1261 | D:2      | 1261 ||| STAIRDANCE
  1344 | D:2      | Found a bloodstained altar of Trog.
  1479 | D:2      | 1479 ||| DROPPING +0 club.
  1856 | D:2      | 1856 ||| READING scroll labelled BUUSHISTRYVI.
  1890 | D:2      | 1890 ||| READING scroll labelled RASTAR DEYKHOE.
  1891 | D:2      | 1891 ||| READING 2 scrolls labelled LAMOSI HUURPH.
  1892 | D:2      | 1892 ||| READING scroll labelled VOLYSKU SUUNNIPO.
  1897 | D:2      | 1897 ||| READING scroll labelled XEISUI AWIRASUPP.
  1898 | D:2      | 1898 ||| DRINKING 2 fizzy dark potions.
  1899 | D:2      | 1899 ||| DROPPING scroll of fear.
  1931 | D:3      | Reached XP level 4. HP: 28/28 MP: 4/4
  2003 | D:3      | Reached skill level 1 in Throwing
  2207 | D:3      | 2207 ||| Stepping ~*~*~tactically~*~*~ (stealth).
  2240 | D:3      | 2240 ||| Stepping ~*~*~tactically~*~*~ (stealth).
  2608 | D:3      | Reached XP level 5. HP: 32/32 MP: 5/5
  2613 | D:3      | 2613 ||| DROPPING +0 mace.
  2719 | D:3      | Found a glowing silver altar of Zin.
  2726 | D:3      | Found a basalt altar of Yredelemnul.
  2727 | D:3      | Found a snail-covered altar of Cheibriados.
  2729 | D:3      | Found a shimmering blue altar of Sif Muna.
  2730 | D:3      | Found a shadowy altar of Dithmenos.
  2899 | D:3      | 2899 ||| UPGRADING to +0 plate armour.
  2909 | D:3      | 2909 ||| DROPPING +0 ring mail.
  2910 | D:3      | 2910 ||| UPGRADING to +0 buckler.
  2915 | D:3      | 2915 ||| UPGRADING to ring of positive energy.
  2916 | D:3      | 2916 ||| READING scroll labelled JIFUTAD PEYNAEJEO.
  2917 | D:3      | 2917 ||| READING scroll labelled BIFAETEVVI.
  2918 | D:3      | 2918 ||| DRINKING 2 red potions.
  2919 | D:3      | 2919 ||| DROPPING potion of attraction.
  3003 | D:4      | 3003 ||| INVOKING Berserk.
  3008 | D:4      | Reached skill level 5 in Axes
  3008 | D:4      | Reached XP level 6. HP: 29/37 MP: 6/6
  3178 | D:4      | Reached *** piety under Trog
  3210 | D:4      | 3210 ||| Stepping ~*~*~tactically~*~*~ (stealth).
  3212 | D:4      | 3212 ||| Stepping ~*~*~tactically~*~*~ (stealth).
  3213 | D:4      | 3213 ||| Stepping ~*~*~tactically~*~*~ (stealth).
  3318 | D:4      | 3318 ||| Stepping ~*~*~tactically~*~*~ (stealth).
  3433 | D:4      | Reached skill level 3 in Armour
  3533 | D:4      | 3533 ||| FLEEEEING.
  3596 | D:4      | 3596 ||| Stepping ~*~*~tactically~*~*~ (hiding).
  3599 | D:4      | 3599 ||| INVOKING Berserk.
  3747 | D:4      | Noticed Blork the orc
  3748 | D:4      | 3748 ||| Stepping ~*~*~tactically~*~*~ (hiding).
  3751 | D:4      | 3751 ||| Stepping ~*~*~tactically~*~*~ (hiding).
  3754 | D:4      | 3754 ||| INVOKING Berserk.
  3765 | D:4      | Killed Blork the orc
  4017 | D:4      | Found a blossoming altar of Fedhas.
  4030 | D:4      | Noticed an oklob plant
  4036 | D:4      | 4036 ||| INVOKING Berserk.
  4051 | D:4      | Killed from afar by an oklob plant

Levels and vault maps discovered:
D:1:      scummos_arrival_star, layout_loops_ring,
          hellmonk_ecumenical_altar_heavens_door, roderic_roman_lattice
D:2:      layout_rooms, basic_altar
D:3:      minmay_chambers_of_twos, layout_basic, minitemple, fountainhead
D:4:      layout_loops_ring, tgw_fedhas, uniq_blork_the_orc

Skill      XL: |  1  2  3  4  5  6 |
---------------+-------------------+-----
Axes           | 3 4 5 |  5.6
Throwing       | 1 |  1.2
Shields        | 2 |  2.4
Armour         | 3 |  3.1
Fighting       | 4 |  4.0
Dodging        | |  1.5

Action                   |  1- 3 |  4- 6 || total
-------------------------+-------+-------++-------
Melee: Hand axe          |   125 |   231 ||   356
       Punch             |     1 |     2 ||     3
Throw: Javelin           |    16 |    11 ||    27
Invok: Berserk           |     2 |     4 ||     6
  Use: Scroll            |     6 |     2 ||     8
       Potion            |     1 |     1 ||     2
 Stab: Sleeping          |     2 |       ||     2
Armor: Animal skin       |    48 |       ||    48
       Ring mail         |     9 |    39 ||    48
       Plate armour      |       |    81 ||    81
Dodge: Dodged            |    87 |    90 ||   177
Block: Buckler           |       |    24 ||    24

Table legend:
 A = Non-vault XP
 B = Vault XP
 C = Vault XP percentage of total XP
 D = Non-vault monster count
 E = Vault monster count
 F = Vault count percentage of total count
                 A         B        C        D         E       F
            +---------+---------+-------+---------+---------+-------
      Total |     485 |     112 |  18.8 |      93 |       9 |   8.8
            +---------+---------+-------+---------+---------+-------
        D:1 |      59 |       0 |   0.0 |      33 |       0 |   0.0
        D:2 |      22 |       0 |   0.0 |      12 |       0 |   0.0
        D:3 |      86 |      18 |  17.3 |      20 |       8 |  28.6
        D:4 |     318 |      94 |  22.8 |      28 |       1 |   3.4
            +---------+---------+-------+---------+---------+-------
